[ PARTIDA AOE2 · #472461560 ]
UnrankedLituanos vs Persians
[ ANÁLISIS DE REPETICIÓN · EXTRAÍDO DE LA PARTIDA GRABADA ]
Feudal
11:07
Castillos
19:54
Imperial
38:05
| APM promedio | 20.5 |
| APM pico | 56 |
| eAPM promedio | 9.3 |
| Aldeanos / militares | 116 / 68 |
Foco
⚔️ 20.3% · 🌾 79.7%
Spearman ×20 · Knight ×16 · Archer ×13 · Leitis ×11 · Monk ×7 · Trebuchet (Packed) ×1
Feudal
10:17
Castillos
14:23
Imperial
31:49
| APM promedio | 20.3 |
| APM pico | 64 |
| eAPM promedio | 12.7 |
| Aldeanos / militares | 124 / 121 |
Foco
⚔️ 25.3% · 🌾 74.7%
War Elephant ×62 · Archer ×35 · Spearman ×15 · Trebuchet (Packed) ×6 · Monk ×3
Feudal
—
Castillos
—
Imperial
—
| APM promedio | 25.6 |
| APM pico | 56 |
| eAPM promedio | 14.5 |
| Aldeanos / militares | 148 / 110 |
Foco
⚔️ 17.1% · 🌾 82.9%
Ballista Elephant ×74 · Scout Cavalry ×31 · Knight ×3 · Monk ×1 · Trebuchet (Packed) ×1
Feudal
16:36
Castillos
24:23
Imperial
45:33
| APM promedio | 18.3 |
| APM pico | 41 |
| eAPM promedio | 12.5 |
| Aldeanos / militares | 115 / 117 |
Foco
⚔️ 15.3% · 🌾 84.7%
Spearman ×80 · Mameluke ×29 · Trade Cart ×7 · Camel Scout ×4 · Trebuchet (Packed) ×3 · Monk ×1
Feudal
—
Castillos
—
Imperial
—
| APM promedio | 24.7 |
| APM pico | 153 |
| eAPM promedio | 24.2 |
| Aldeanos / militares | 202 / 0 |
Foco
⚔️ 4.9% · 🌾 95.1%
Trade Cart ×11
Feudal
11:55
Castillos
15:29
Imperial
38:53
| APM promedio | 22.4 |
| APM pico | 75 |
| eAPM promedio | 17.1 |
| Aldeanos / militares | 202 / 121 |
Foco
⚔️ 28.8% · 🌾 71.2%
Chu Ko Nu ×70 · Spearman ×24 · Fire Lancer ×13 · Scorpion ×8 · Iron Pagoda ×6
Feudal
12:10
Castillos
18:21
Imperial
—
| APM promedio | 17.4 |
| APM pico | 53 |
| eAPM promedio | 11.0 |
| Aldeanos / militares | 51 / 138 |
Foco
⚔️ 40.4% · 🌾 59.6%
Karambit Warrior ×122 · Mangonel ×11 · Petard ×4 · Scorpion ×1
Feudal
8:41
Castillos
19:34
Imperial
40:33
| APM promedio | 31.6 |
| APM pico | 81 |
| eAPM promedio | 19.1 |
| Aldeanos / militares | 190 / 349 |
Foco
⚔️ 34.6% · 🌾 65.4%
Scout Cavalry ×272 · Knight ×43 · Monk ×13 · Battering Ram ×11 · Spearman ×10
Mapa de la partida
Recursos iniciales + cada clic de construcción. Líneas = muros · curvas = relieve. ◆ oro · ⬟ piedra · ● bayas · ✦ reliquia · ◌ hueco del cierre
Tu base· ✓ Cerrada en 19:54 · 0t muro · 2 puerta(s)
Base de WhoIsKingRaf· ✓ Cerrada en 14:23 · 0t muro · 3 puerta(s)
Base de thezoookeepr· ✓ Cerrada en 12:42 · 0t muro · 3 puerta(s)
Base de hungdb· ✓ Cerrada en 24:23 · 0t muro · 2 puerta(s)
Base de kewlkraut· ✓ Cerrada en 24:04 · 0t muro · 3 puerta(s)
Base de donkeydude333· ✓ Cerrada en 15:29 · 0t muro · 2 puerta(s)
Base de WeGetHighWeGetFat· ✓ Cerrada en 18:21 · 0t muro · 2 puerta(s)
Base de bingo123· ✓ Cerrada en 19:34 · 0t muro · 3 puerta(s)
Terreno inicial suavizado · ◌ = hueco del cierre detectado · pasá el cursor para detalles
Inputs por minuto
— javierjulio1995 - - WhoIsKingRaf
Build order — javierjulio1995
Primeras 150 de 272 acciones detectadas
| 0:02 | Crear | Villager (Male) |
| 0:02 | Crear | Villager (Male) |
| 0:03 | Construir | House |
| 0:04 | Construir | House |
| 0:12 | Crear | Villager (Male) |
| 0:12 | Crear | Villager (Male) |
| 0:13 | Crear | Villager (Male) |
| 0:13 | Crear | Villager (Male) |
| 2:17 | Crear | Villager (Male) |
| 2:17 | Crear | Villager (Male) |
| 2:21 | Crear | Villager (Male) |
| 2:21 | Crear | Villager (Male) |
| 2:55 | Crear | Villager (Male) |
| 2:55 | Crear | Villager (Male) |
| 3:05 | Construir | House |
| 3:07 | Construir | House |
| 3:12 | Construir | Mill |
| 3:18 | Crear | Villager (Male) |
| 3:18 | Crear | Villager (Male) |
| 4:28 | Crear | Villager (Male) |
| 4:29 | Crear | Villager (Male) |
| 4:29 | Crear | Villager (Male) |
| 4:51 | Crear | Villager (Male) |
| 4:52 | Crear | Villager (Male) |
| 4:52 | Crear | Villager (Male) |
| 5:12 | Crear | Villager (Male) |
| 5:12 | Crear | Villager (Male) |
| 5:12 | Crear | Villager (Male) |
| 6:07 | Construir | Lumber Camp |
| 6:48 | Crear | Villager (Male) |
| 6:48 | Crear | Villager (Male) |
| 6:48 | Crear | Villager (Male) |
| 6:49 | Crear | Villager (Male) |
| 6:57 | Construir | Mill |
| 7:24 | Crear | Villager (Male) |
| 7:51 | Construir | House |
| 8:34 | Construir | Mining Camp |
| 8:48 | Construir | Lumber Camp |
| 8:57 | Investigar | Feudal Age |
| 9:29 | Construir | Farm |
| 9:29 | Construir | Farm |
| 9:30 | Construir | Farm |
| 9:30 | Construir | Farm |
| 9:31 | Construir | Farm |
| 9:32 | Construir | Farm |
| 9:49 | Construir | Farm |
| 9:50 | Construir | Farm |
| 10:13 | Construir | Farm |
| 10:28 | Construir | Farm |
| 11:03 | Crear | Villager (Male) |
| 11:03 | Crear | Villager (Male) |
| 11:07 | Edad | Edad Feudal |
| 11:08 | Construir | Farm |
| 11:09 | Construir | Farm |
| 11:20 | Investigar | Double-Bit Axe |
| 11:41 | Crear | Villager (Male) |
| 11:41 | Crear | Villager (Male) |
| 12:12 | Construir | House |
| 12:24 | Crear | Villager (Male) |
| 12:25 | Crear | Villager (Male) |
| 12:29 | Construir | House |
| 12:36 | Construir | Farm |
| 12:36 | Construir | Farm |
| 12:36 | Construir | Farm |
| 12:36 | Construir | Farm |
| 12:37 | Construir | Farm |
| 13:09 | Construir | House |
| 13:10 | Construir | House |
| 13:18 | Crear | Villager (Male) |
| 13:18 | Crear | Villager (Male) |
| 14:04 | Crear | Villager (Male) |
| 14:04 | Crear | Villager (Male) |
| 14:05 | Crear | Villager (Male) |
| 14:09 | Construir | Barracks |
| 14:17 | Construir | House |
| 14:18 | Construir | House |
| 14:19 | Construir | House |
| 14:20 | Construir | House |
| 15:06 | Construir | House |
| 15:12 | Construir | Archery Range |
| 15:41 | Crear | Villager (Male) |
| 15:41 | Crear | Villager (Male) |
| 15:50 | Construir | Blacksmith |
| 15:57 | Crear | Villager (Male) |
| 16:29 | Construir | Market |
| 16:40 | Crear | Villager (Male) |
| 16:40 | Crear | Villager (Male) |
| 17:03 | Construir | Farm |
| 17:14 | Investigar | Castle Age |
| 17:28 | Crear | Archer ×5 |
| 17:39 | Construir | Archery Range |
| 17:46 | Construir | Stable |
| 18:01 | Investigar | Loom |
| 18:01 | Investigar | Wheelbarrow |
| 18:52 | Crear | Archer |
| 18:52 | Crear | Archer |
| 18:53 | Crear | Archer |
| 18:56 | Investigar | Fletching |
| 18:56 | Investigar | Padded Archer Armor |
| 19:00 | Crear | Archer |
| 19:00 | Crear | Archer |
| 19:00 | Crear | Archer |
| 19:00 | Crear | Archer |
| 19:01 | Crear | Archer |
| 19:42 | Construir | Farm |
| 19:50 | Crear | Villager (Male) |
| 19:54 | Edad | Edad de los Castillos |
| 19:55 | Construir | Farm |
| 20:04 | Investigar | Crossbowman (upgrade) |
| 20:10 | Investigar | Bow Saw |
| 20:40 | Investigar | Bodkin Arrow |
| 20:41 | Investigar | Leather Archer Armor |
| 21:29 | Crear | Villager (Male) |
| 21:29 | Crear | Villager (Male) |
| 21:29 | Crear | Villager (Male) |
| 21:47 | Construir | Farm |
| 21:47 | Construir | Farm |
| 21:47 | Construir | Farm |
| 22:43 | Construir | Town Center |
| 22:55 | Construir | Farm |
| 22:59 | Crear | Villager (Male) |
| 22:59 | Crear | Villager (Male) |
| 23:00 | Crear | Villager (Male) |
| 23:00 | Crear | Villager (Male) |
| 23:00 | Crear | Villager (Male) |
| 23:01 | Crear | Villager (Male) |
| 23:11 | Construir | Farm |
| 23:15 | Crear | Villager (Male) |
| 23:15 | Crear | Villager (Male) |
| 23:50 | Construir | Farm |
| 23:50 | Construir | Farm |
| 24:01 | Construir | Farm |
| 24:22 | Crear | Villager (Male) |
| 24:23 | Crear | Villager (Male) |
| 24:23 | Crear | Villager (Male) |
| 24:23 | Crear | Villager (Male) |
| 24:23 | Crear | Villager (Male) |
| 24:31 | Construir | Town Center |
| 24:38 | Construir | Farm |
| 24:55 | Investigar | Forging |
| 24:56 | Investigar | Scale Barding Armor |
| 25:07 | Construir | Farm |
| 25:10 | Crear | Knight ×5 |
| 25:13 | Crear | Knight ×5 |
| 25:25 | Construir | Stable |
| 25:51 | Crear | Villager (Male) |
| 25:51 | Crear | Villager (Male) |
| 26:06 | Construir | Mining Camp |
| 26:21 | Crear | Villager (Male) |
| 26:22 | Crear | Villager (Male) |
Build order — WhoIsKingRaf
Primeras 150 de 320 acciones detectadas
| 0:01 | Crear | Villager (Male) |
| 0:02 | Construir | House |
| 0:04 | Construir | House |
| 0:05 | Crear | Villager (Male) |
| 0:14 | Crear | Villager (Male) |
| 0:23 | Crear | Villager (Male) |
| 0:33 | Crear | Villager (Male) |
| 1:28 | Crear | Villager (Male) |
| 1:50 | Construir | Lumber Camp |
| 2:06 | Crear | Villager (Male) |
| 2:42 | Crear | Villager (Male) |
| 2:50 | Construir | House |
| 2:54 | Construir | House |
| 3:03 | Crear | Villager (Male) |
| 3:03 | Crear | Villager (Male) |
| 4:02 | Crear | Villager (Male) |
| 4:03 | Crear | Villager (Male) |
| 4:33 | Crear | Villager (Male) |
| 4:46 | Crear | Villager (Male) |
| 5:28 | Crear | Villager (Male) |
| 6:34 | Construir | Mill |
| 6:38 | Crear | Villager (Male) |
| 6:41 | Crear | Villager (Male) |
| 7:22 | Crear | Villager (Male) |
| 7:25 | Crear | Villager (Male) |
| 7:34 | Construir | Mill |
| 7:40 | Construir | Mill |
| 7:56 | Construir | Mining Camp |
| 8:01 | Investigar | Feudal Age |
| 8:37 | Construir | House |
| 10:01 | Crear | Villager (Male) |
| 10:17 | Edad | Edad Feudal |
| 10:19 | Construir | Blacksmith |
| 10:27 | Construir | Market |
| 10:43 | Construir | Market |
| 11:13 | Crear | Villager (Male) |
| 11:47 | Construir | House |
| 11:57 | Investigar | Castle Age |
| 12:40 | Construir | House |
| 12:42 | Investigar | Double-Bit Axe |
| 12:46 | Investigar | Gold Mining |
| 14:06 | Construir | House |
| 14:23 | Edad | Edad de los Castillos |
| 14:27 | Construir | Town Center |
| 14:29 | Crear | Villager (Male) |
| 14:30 | Crear | Villager (Male) |
| 14:30 | Crear | Villager (Male) |
| 14:30 | Crear | Villager (Male) |
| 14:39 | Construir | Farm |
| 14:40 | Construir | Farm |
| 14:45 | Construir | House |
| 14:53 | Construir | Farm |
| 14:57 | Construir | Farm |
| 15:00 | Construir | Farm |
| 15:21 | Construir | Farm |
| 15:25 | Construir | House |
| 15:57 | Construir | Town Center |
| 16:26 | Construir | Farm |
| 16:30 | Construir | House |
| 16:44 | Crear | Villager (Male) |
| 16:45 | Crear | Villager (Male) |
| 16:47 | Crear | Villager (Male) |
| 17:12 | Construir | Town Center |
| 17:18 | Crear | Villager (Male) |
| 17:20 | Crear | Villager (Male) |
| 17:39 | Construir | Farm |
| 17:46 | Crear | Villager (Male) |
| 17:54 | Construir | Farm |
| 18:10 | Construir | Farm |
| 18:10 | Construir | Farm |
| 18:11 | Construir | Farm |
| 18:11 | Construir | Farm |
| 18:22 | Crear | Villager (Male) |
| 18:24 | Crear | Villager (Male) |
| 18:29 | Construir | Farm |
| 18:30 | Construir | Farm |
| 18:35 | Construir | Farm |
| 18:47 | Construir | Farm |
| 18:58 | Crear | Villager (Male) |
| 18:59 | Crear | Villager (Male) |
| 19:03 | Construir | Farm |
| 19:07 | Crear | Villager (Male) |
| 19:22 | Investigar | Horse Collar |
| 20:01 | Crear | Villager (Male) |
| 20:02 | Crear | Villager (Male) |
| 20:03 | Crear | Villager (Male) |
| 20:15 | Construir | Farm |
| 20:16 | Construir | Farm |
| 20:16 | Construir | Farm |
| 20:19 | Crear | Villager (Male) |
| 20:20 | Crear | Villager (Male) |
| 20:22 | Crear | Villager (Male) |
| 20:38 | Construir | Farm |
| 20:40 | Crear | Villager (Male) |
| 21:00 | Investigar | Bow Saw |
| 21:11 | Construir | Farm |
| 21:14 | Construir | Farm |
| 21:16 | Crear | Villager (Male) |
| 21:21 | Construir | Farm |
| 21:24 | Construir | Farm |
| 21:32 | Crear | Villager (Male) |
| 22:31 | Construir | Farm |
| 22:33 | Crear | Villager (Male) |
| 22:36 | Investigar | Wheelbarrow |
| 22:37 | Crear | Villager (Male) |
| 22:38 | Crear | Villager (Male) |
| 22:42 | Investigar | Heavy Plow |
| 22:46 | Investigar | Stone Mining |
| 22:48 | Crear | Villager (Male) |
| 22:49 | Crear | Villager (Male) |
| 22:50 | Crear | Villager (Male) |
| 22:54 | Investigar | Town Watch |
| 22:57 | Crear | Villager (Male) |
| 22:59 | Crear | Villager (Male) |
| 23:17 | Crear | Villager (Male) |
| 23:21 | Crear | Villager (Male) |
| 23:31 | Crear | Villager (Male) |
| 23:32 | Crear | Villager (Male) |
| 24:10 | Crear | Villager (Male) |
| 24:11 | Crear | Villager (Male) |
| 24:12 | Crear | Villager (Male) |
| 24:20 | Investigar | Hand Cart |
| 24:24 | Crear | Villager (Male) |
| 24:51 | Construir | Castle |
| 25:10 | Construir | Farm |
| 25:15 | Crear | Villager (Male) |
| 25:15 | Crear | Villager (Male) |
| 25:15 | Crear | Villager (Male) |
| 25:16 | Crear | Villager (Male) |
| 25:16 | Crear | Villager (Male) |
| 25:16 | Crear | Villager (Male) |
| 25:17 | Crear | Villager (Male) |
| 25:17 | Crear | Villager (Male) |
| 25:17 | Crear | Villager (Male) |
| 25:30 | Crear | Villager (Male) |
| 25:30 | Crear | Villager (Male) |
| 25:49 | Investigar | Stone Shaft Mining |
| 25:51 | Investigar | Forging |
| 26:12 | Construir | University |
| 26:15 | Construir | House |
| 26:21 | Construir | House |
| 26:22 | Construir | House |
| 26:23 | Construir | House |
| 26:23 | Construir | House |
| 26:24 | Construir | House |
| 26:25 | Construir | House |
| 26:26 | Construir | House |
| 26:27 | Construir | House |
| 26:32 | Construir | House |
| 26:33 | Construir | House |
Build order — thezoookeepr
Primeras 150 de 332 acciones detectadas
| 0:00 | Crear | Villager (Male) |
| 0:00 | Crear | Villager (Male) |
| 0:01 | Crear | Villager (Male) |
| 0:01 | Crear | Villager (Male) |
| 0:04 | Construir | House |
| 0:06 | Construir | House |
| 1:58 | Crear | Villager (Male) |
| 1:59 | Crear | Villager (Male) |
| 2:26 | Crear | Villager (Male) |
| 3:07 | Crear | Villager (Male) |
| 3:08 | Crear | Villager (Male) |
| 3:21 | Crear | Villager (Male) |
| 4:02 | Crear | Villager (Male) |
| 4:02 | Crear | Villager (Male) |
| 4:06 | Crear | Villager (Male) |
| 4:20 | Construir | Mill |
| 5:01 | Construir | House |
| 5:15 | Crear | Villager (Male) |
| 5:15 | Crear | Villager (Male) |
| 6:28 | Construir | Mill |
| 6:37 | Crear | Villager (Male) |
| 6:38 | Crear | Villager (Male) |
| 6:41 | Crear | Villager (Male) |
| 7:24 | Crear | Villager (Male) |
| 7:25 | Crear | Villager (Male) |
| 7:33 | Construir | House |
| 7:56 | Investigar | Feudal Age |
| 8:39 | Construir | Lumber Camp |
| 10:10 | Crear | Villager (Male) |
| 10:11 | Crear | Villager (Male) |
| 10:29 | Construir | House |
| 10:40 | Crear | Villager (Male) |
| 10:58 | Construir | Blacksmith |
| 11:07 | Construir | Market |
| 11:35 | Construir | Lumber Camp |
| 12:00 | Crear | Villager (Male) |
| 12:42 | Investigar | Castle Age |
| 13:05 | Construir | Mining Camp |
| 13:26 | Crear | Villager (Male) |
| 13:57 | Investigar | Stone Mining |
| 14:14 | Construir | Stable |
| 14:38 | Investigar | Double-Bit Axe |
| 15:10 | Construir | House |
| 15:44 | Construir | Town Center |
| 15:53 | Crear | Villager (Male) |
| 15:53 | Crear | Villager (Male) |
| 15:57 | Construir | Farm |
| 15:58 | Construir | Farm |
| 15:58 | Construir | Farm |
| 15:58 | Construir | Farm |
| 16:18 | Construir | Farm |
| 16:27 | Construir | Farm |
| 16:56 | Crear | Villager (Male) |
| 17:02 | Construir | House |
| 17:06 | Construir | House |
| 17:07 | Construir | House |
| 17:08 | Construir | House |
| 17:19 | Construir | Mining Camp |
| 17:42 | Investigar | Loom |
| 17:46 | Crear | Villager (Male) |
| 17:59 | Crear | Villager (Male) |
| 18:08 | Construir | House |
| 18:22 | Crear | Villager (Male) |
| 18:48 | Crear | Villager (Male) |
| 18:55 | Construir | Town Center |
| 19:27 | Crear | Villager (Male) |
| 19:39 | Construir | Mining Camp |
| 19:47 | Construir | Town Center |
| 19:59 | Crear | Villager (Male) |
| 20:07 | Construir | Farm |
| 20:07 | Construir | Farm |
| 20:08 | Construir | Farm |
| 20:08 | Construir | Farm |
| 20:08 | Construir | Farm |
| 20:29 | Investigar | Horse Collar |
| 20:37 | Construir | Farm |
| 20:48 | Construir | House |
| 20:52 | Construir | House |
| 20:54 | Construir | House |
| 21:04 | Crear | Villager (Male) |
| 21:22 | Crear | Villager (Male) |
| 21:35 | Crear | Villager (Male) ×3 |
| 21:50 | Crear | Knight |
| 22:09 | Crear | Villager (Male) |
| 22:35 | Construir | Castle |
| 22:49 | Crear | Villager (Male) ×2 |
| 22:54 | Construir | Farm |
| 22:55 | Construir | Farm |
| 22:55 | Construir | Farm |
| 22:55 | Construir | Farm |
| 22:56 | Construir | Farm |
| 23:01 | Construir | Farm |
| 23:01 | Construir | Farm |
| 23:06 | Construir | Farm |
| 23:15 | Construir | Stable |
| 23:24 | Crear | Villager (Male) ×2 |
| 23:31 | Crear | Villager (Male) |
| 23:31 | Crear | Villager (Male) |
| 24:19 | Crear | Villager (Male) ×5 |
| 24:26 | Construir | Farm |
| 24:26 | Construir | Farm |
| 24:26 | Construir | Farm |
| 24:27 | Construir | Farm |
| 24:49 | Construir | Monastery |
| 24:59 | Crear | Villager (Male) |
| 24:59 | Crear | Villager (Male) |
| 24:59 | Crear | Villager (Male) |
| 25:09 | Crear | Villager (Male) ×2 |
| 25:28 | Crear | Villager (Male) ×3 |
| 25:40 | Crear | Ballista Elephant |
| 25:47 | Crear | Knight |
| 25:58 | Construir | House |
| 26:06 | Investigar | Heavy Plow |
| 26:10 | Construir | House |
| 26:10 | Construir | House |
| 26:10 | Construir | House |
| 26:12 | Construir | House |
| 26:13 | Construir | House |
| 26:15 | Construir | House |
| 26:16 | Construir | House |
| 26:20 | Crear | Villager (Male) ×2 |
| 26:20 | Crear | Villager (Male) ×2 |
| 26:34 | Construir | Farm |
| 26:34 | Construir | Farm |
| 26:45 | Construir | Farm |
| 28:04 | Investigar | Bloodlines |
| 28:06 | Investigar | Husbandry |
| 28:10 | Crear | Villager (Male) ×5 |
| 28:10 | Crear | Villager (Male) ×5 |
| 28:23 | Construir | Farm |
| 28:23 | Construir | Farm |
| 28:24 | Construir | Farm |
| 28:28 | Construir | Farm |
| 28:29 | Construir | Farm |
| 28:30 | Construir | Farm |
| 29:24 | Construir | Blacksmith |
| 29:37 | Construir | University |
| 29:41 | Crear | Monk |
| 29:54 | Construir | Farm |
| 29:58 | Crear | Villager (Male) ×5 |
| 29:59 | Crear | Villager (Male) ×5 |
| 29:59 | Crear | Villager (Male) ×5 |
| 30:05 | Investigar | Light Cavalry (upgrade) |
| 30:15 | Investigar | Scale Barding Armor |
| 30:20 | Construir | Farm |
| 30:27 | Construir | House |
| 30:28 | Construir | House |
| 30:28 | Construir | House |
| 30:28 | Construir | House |
| 30:36 | Construir | Castle |
Build order — hungdb
Primeras 150 de 258 acciones detectadas
| 0:09 | Construir | House |
| 0:12 | Construir | House |
| 0:14 | Crear | Villager (Male) |
| 0:14 | Crear | Villager (Male) |
| 0:14 | Crear | Villager (Male) |
| 0:14 | Crear | Villager (Male) |
| 2:33 | Crear | Villager (Male) |
| 2:33 | Crear | Villager (Male) |
| 2:34 | Crear | Villager (Male) |
| 2:50 | Construir | Mill |
| 3:03 | Crear | Villager (Male) |
| 3:57 | Crear | Villager (Male) |
| 5:04 | Crear | Villager (Male) |
| 5:04 | Crear | Villager (Male) |
| 5:04 | Crear | Villager (Male) |
| 5:48 | Crear | Villager (Male) |
| 5:48 | Crear | Villager (Male) |
| 5:59 | Construir | House |
| 6:08 | Crear | Villager (Male) |
| 6:09 | Crear | Villager (Male) |
| 6:09 | Crear | Villager (Male) |
| 6:10 | Crear | Villager (Male) |
| 7:03 | Crear | Villager (Male) |
| 7:04 | Crear | Villager (Male) |
| 7:42 | Construir | Farm |
| 7:49 | Construir | Lumber Camp |
| 8:11 | Construir | Farm |
| 8:12 | Construir | Farm |
| 9:15 | Construir | Farm |
| 10:22 | Construir | Farm |
| 10:52 | Investigar | Feudal Age |
| 11:03 | Construir | Farm |
| 11:19 | Crear | Villager (Male) |
| 11:20 | Crear | Villager (Male) |
| 11:57 | Construir | Farm |
| 11:59 | Construir | Farm |
| 12:10 | Construir | Farm |
| 12:35 | Construir | Lumber Camp |
| 13:10 | Crear | Villager (Male) |
| 13:10 | Crear | Villager (Male) |
| 13:11 | Crear | Villager (Male) |
| 13:11 | Crear | Villager (Male) |
| 13:12 | Crear | Villager (Male) |
| 13:12 | Crear | Villager (Male) |
| 13:33 | Construir | House |
| 13:48 | Crear | Villager (Male) |
| 13:59 | Crear | Villager (Male) |
| 14:20 | Investigar | Feudal Age |
| 14:29 | Crear | Villager (Male) |
| 14:32 | Crear | Villager (Male) |
| 14:32 | Crear | Villager (Male) |
| 15:41 | Construir | Mill |
| 16:06 | Construir | House |
| 16:07 | Construir | House |
| 16:36 | Edad | Edad Feudal |
| 16:49 | Investigar | Horse Collar |
| 17:00 | Construir | Market |
| 17:09 | Crear | Villager (Male) |
| 17:25 | Construir | Mining Camp |
| 17:48 | Construir | Farm |
| 17:58 | Crear | Villager (Male) |
| 18:24 | Crear | Villager (Male) |
| 18:52 | Construir | Barracks |
| 19:00 | Construir | Mining Camp |
| 19:07 | Crear | Villager (Male) |
| 19:23 | Crear | Trade Cart |
| 19:26 | Crear | Trade Cart |
| 19:39 | Investigar | Double-Bit Axe |
| 19:46 | Investigar | Gold Mining |
| 19:56 | Crear | Villager (Male) |
| 20:55 | Construir | Blacksmith |
| 21:43 | Investigar | Castle Age |
| 22:08 | Construir | Farm |
| 22:09 | Construir | Farm |
| 22:11 | Construir | Farm |
| 22:12 | Construir | Farm |
| 22:29 | Construir | House |
| 22:30 | Construir | House |
| 22:32 | Construir | House |
| 23:31 | Construir | Farm |
| 24:11 | Construir | Farm |
| 24:23 | Edad | Edad de los Castillos |
| 24:39 | Construir | Farm |
| 25:05 | Crear | Villager (Male) |
| 25:05 | Crear | Villager (Male) |
| 25:06 | Crear | Villager (Male) |
| 25:57 | Construir | Lumber Camp |
| 26:30 | Construir | Farm |
| 28:35 | Construir | Town Center |
| 28:44 | Crear | Spearman ×5 |
| 28:44 | Crear | Spearman ×5 |
| 28:45 | Investigar | Pikeman (upgrade) |
| 28:49 | Investigar | Squires |
| 28:50 | Crear | Spearman ×2 |
| 29:25 | Construir | Castle |
| 29:48 | Crear | Spearman ×3 |
| 29:48 | Crear | Spearman ×3 |
| 30:07 | Crear | Villager (Male) |
| 30:08 | Crear | Villager (Male) |
| 30:08 | Crear | Villager (Male) |
| 30:08 | Crear | Villager (Male) |
| 30:08 | Crear | Villager (Male) |
| 30:09 | Crear | Villager (Male) |
| 30:09 | Crear | Villager (Male) |
| 30:13 | Crear | Villager (Male) |
| 30:13 | Crear | Villager (Male) |
| 30:13 | Crear | Villager (Male) |
| 30:14 | Crear | Villager (Male) |
| 30:14 | Crear | Villager (Male) |
| 30:15 | Crear | Villager (Male) |
| 30:16 | Crear | Villager (Male) |
| 30:16 | Crear | Villager (Male) |
| 30:54 | Construir | Stable |
| 30:55 | Construir | Stable |
| 30:59 | Construir | Stable |
| 31:11 | Crear | Spearman ×4 |
| 31:11 | Crear | Spearman ×4 |
| 31:22 | Crear | Villager (Male) |
| 31:22 | Crear | Villager (Male) |
| 31:22 | Crear | Villager (Male) |
| 31:23 | Crear | Villager (Male) |
| 31:23 | Crear | Villager (Male) |
| 31:23 | Crear | Villager (Male) |
| 31:24 | Crear | Villager (Male) |
| 31:26 | Crear | Villager (Male) |
| 31:26 | Crear | Villager (Male) |
| 31:27 | Crear | Villager (Male) |
| 32:09 | Construir | University |
| 32:16 | Crear | Trade Cart |
| 32:54 | Construir | Monastery |
| 33:01 | Crear | Villager (Male) |
| 33:01 | Crear | Villager (Male) |
| 33:01 | Crear | Villager (Male) |
| 33:01 | Crear | Villager (Male) |
| 33:03 | Crear | Villager (Male) |
| 33:09 | Construir | Farm |
| 33:12 | Construir | Farm |
| 33:13 | Construir | Farm |
| 33:15 | Construir | Farm |
| 33:31 | Construir | Farm |
| 34:12 | Construir | Farm |
| 34:21 | Construir | Farm |
| 34:34 | Crear | Camel Scout ×4 |
| 35:30 | Construir | Farm |
| 35:31 | Construir | Farm |
| 35:33 | Construir | Farm |
| 35:46 | Construir | House |
| 35:49 | Construir | House |
| 35:51 | Construir | House |
| 36:16 | Construir | Town Center |
Build order — kewlkraut
Primeras 150 de 626 acciones detectadas
| 0:03 | Crear | Villager (Male) |
| 0:03 | Crear | Villager (Male) |
| 0:03 | Crear | Villager (Male) |
| 0:04 | Crear | Villager (Male) |
| 0:04 | Crear | Villager (Male) |
| 1:14 | Construir | House |
| 1:27 | Construir | House |
| 1:38 | Construir | Mill |
| 1:42 | Crear | Villager (Male) |
| 2:37 | Crear | Villager (Male) |
| 3:13 | Crear | Villager (Male) |
| 3:14 | Crear | Villager (Male) |
| 4:00 | Crear | Villager (Male) |
| 4:33 | Crear | Villager (Male) |
| 4:34 | Crear | Villager (Male) |
| 4:57 | Crear | Villager (Male) |
| 5:10 | Crear | Villager (Male) |
| 5:42 | Crear | Villager (Male) |
| 5:56 | Construir | House |
| 6:05 | Construir | Lumber Camp |
| 6:23 | Crear | Villager (Male) |
| 6:23 | Crear | Villager (Male) |
| 6:23 | Crear | Villager (Male) |
| 6:48 | Construir | House |
| 6:57 | Crear | Villager (Male) |
| 6:57 | Crear | Villager (Male) |
| 7:23 | Construir | House |
| 7:26 | Construir | House |
| 7:40 | Construir | House |
| 7:42 | Crear | Villager (Male) |
| 7:56 | Crear | Villager (Male) |
| 8:15 | Crear | Villager (Male) |
| 8:16 | Crear | Villager (Male) |
| 8:40 | Crear | Villager (Male) |
| 9:09 | Construir | House |
| 9:22 | Construir | House |
| 9:25 | Construir | House |
| 9:27 | Construir | House |
| 9:38 | Construir | House |
| 9:46 | Crear | Villager (Male) |
| 9:46 | Crear | Villager (Male) |
| 9:46 | Crear | Villager (Male) |
| 9:47 | Crear | Villager (Male) |
| 10:27 | Construir | Mill |
| 10:34 | Construir | Mining Camp |
| 10:46 | Construir | Mining Camp |
| 10:50 | Crear | Villager (Male) |
| 10:50 | Crear | Villager (Male) |
| 10:50 | Crear | Villager (Male) |
| 10:50 | Crear | Villager (Male) |
| 10:51 | Crear | Villager (Male) |
| 11:27 | Construir | Farm |
| 11:27 | Construir | Farm |
| 11:27 | Construir | Farm |
| 11:27 | Construir | Farm |
| 11:27 | Construir | Farm |
| 11:27 | Construir | Farm |
| 11:27 | Construir | Farm |
| 11:27 | Construir | Farm |
| 11:27 | Construir | Farm |
| 11:27 | Construir | Farm |
| 11:27 | Construir | Farm |
| 11:27 | Construir | Farm |
| 11:27 | Construir | Farm |
| 11:27 | Construir | Farm |
| 11:27 | Construir | Farm |
| 11:28 | Construir | Farm |
| 11:28 | Construir | Farm |
| 11:28 | Construir | Farm |
| 11:28 | Construir | Farm |
| 11:28 | Construir | Farm |
| 11:28 | Construir | Farm |
| 11:30 | Crear | Villager (Male) |
| 11:31 | Crear | Villager (Male) |
| 11:32 | Crear | Villager (Male) |
| 11:32 | Crear | Villager (Male) |
| 11:58 | Construir | Farm |
| 11:58 | Construir | Farm |
| 11:58 | Construir | Farm |
| 11:58 | Construir | Farm |
| 11:58 | Construir | Farm |
| 11:58 | Construir | Farm |
| 11:58 | Construir | Farm |
| 11:58 | Construir | Farm |
| 11:58 | Construir | Farm |
| 11:58 | Construir | Farm |
| 11:58 | Construir | Farm |
| 11:58 | Construir | Farm |
| 11:58 | Construir | Farm |
| 12:03 | Investigar | Loom |
| 12:11 | Investigar | Loom |
| 12:40 | Construir | Farm |
| 12:40 | Construir | Farm |
| 12:40 | Construir | Farm |
| 12:40 | Construir | Farm |
| 12:40 | Construir | Farm |
| 12:40 | Construir | Farm |
| 12:40 | Construir | Farm |
| 12:40 | Construir | Farm |
| 12:40 | Construir | Farm |
| 12:40 | Construir | Farm |
| 12:48 | Crear | Villager (Male) |
| 13:05 | Construir | Farm |
| 13:05 | Construir | Farm |
| 13:05 | Construir | Farm |
| 13:05 | Construir | Farm |
| 13:05 | Construir | Farm |
| 13:05 | Construir | Farm |
| 13:05 | Construir | Farm |
| 13:05 | Construir | Farm |
| 13:05 | Construir | Farm |
| 13:05 | Construir | Farm |
| 13:05 | Construir | Farm |
| 13:05 | Construir | Farm |
| 13:05 | Construir | Farm |
| 13:05 | Construir | Farm |
| 13:05 | Construir | Farm |
| 13:06 | Construir | Lumber Camp |
| 13:13 | Construir | Farm |
| 13:14 | Construir | Lumber Camp |
| 13:29 | Construir | Farm |
| 13:30 | Construir | Farm |
| 13:30 | Construir | Farm |
| 13:30 | Construir | Farm |
| 13:30 | Construir | Farm |
| 13:30 | Construir | Farm |
| 13:30 | Construir | Farm |
| 14:26 | Construir | Lumber Camp |
| 14:31 | Investigar | Feudal Age |
| 15:23 | Construir | Farm |
| 15:24 | Construir | Farm |
| 15:24 | Construir | Farm |
| 15:24 | Construir | Farm |
| 15:24 | Construir | Farm |
| 15:24 | Construir | Farm |
| 15:24 | Construir | Farm |
| 15:24 | Construir | Farm |
| 15:24 | Construir | Farm |
| 15:24 | Construir | Farm |
| 15:24 | Construir | Farm |
| 15:35 | Crear | Villager (Male) |
| 15:35 | Crear | Villager (Male) |
| 15:36 | Crear | Villager (Male) |
| 16:10 | Construir | Mining Camp |
| 16:22 | Construir | House |
| 16:39 | Construir | House |
| 16:47 | Construir | House |
| 16:52 | Construir | House |
| 16:55 | Construir | House |
| 16:59 | Construir | House |
Build order — donkeydude333
Primeras 150 de 527 acciones detectadas
| 0:07 | Investigar | Loom |
| 0:48 | Crear | Villager (Male) |
| 1:13 | Crear | Villager (Male) |
| 1:33 | Crear | Villager (Male) |
| 2:04 | Crear | Villager (Male) |
| 2:23 | Construir | Lumber Camp |
| 2:29 | Crear | Villager (Male) |
| 2:51 | Crear | Villager (Male) |
| 3:13 | Crear | Villager (Male) |
| 3:16 | Construir | House |
| 3:49 | Crear | Villager (Male) |
| 4:02 | Crear | Villager (Male) |
| 4:02 | Crear | Villager (Male) |
| 4:45 | Construir | Mill |
| 4:51 | Construir | House |
| 4:58 | Crear | Villager (Male) |
| 5:26 | Crear | Villager (Male) |
| 5:27 | Crear | Villager (Male) |
| 5:41 | Construir | Mill |
| 6:02 | Crear | Villager (Male) |
| 6:18 | Construir | Farm |
| 6:38 | Crear | Villager (Male) |
| 6:39 | Crear | Villager (Male) |
| 6:48 | Construir | Farm |
| 7:12 | Crear | Villager (Male) |
| 7:13 | Crear | Villager (Male) |
| 7:17 | Construir | House |
| 7:36 | Construir | Farm |
| 7:38 | Crear | Villager (Male) |
| 7:39 | Crear | Villager (Male) |
| 7:41 | Crear | Villager (Male) |
| 7:56 | Crear | Villager (Male) |
| 7:58 | Crear | Villager (Male) |
| 8:11 | Construir | Farm |
| 8:45 | Construir | Lumber Camp |
| 9:19 | Construir | Mining Camp |
| 9:45 | Investigar | Feudal Age |
| 10:07 | Construir | Mining Camp |
| 10:16 | Crear | Villager (Male) |
| 10:17 | Crear | Villager (Male) |
| 10:52 | Construir | House |
| 11:15 | Construir | Farm |
| 11:17 | Construir | Farm |
| 11:55 | Edad | Edad Feudal |
| 12:01 | Construir | Market |
| 12:05 | Construir | Blacksmith |
| 12:49 | Investigar | Castle Age |
| 13:14 | Investigar | Stone Mining |
| 13:51 | Investigar | Double-Bit Axe |
| 14:33 | Investigar | Horse Collar |
| 14:37 | Investigar | Gold Mining |
| 15:08 | Crear | Villager (Male) |
| 15:09 | Crear | Villager (Male) |
| 15:29 | Edad | Edad de los Castillos |
| 16:01 | Investigar | Bow Saw |
| 16:11 | Construir | Mining Camp |
| 16:16 | Crear | Villager (Male) |
| 16:42 | Investigar | Fletching |
| 16:48 | Construir | Farm |
| 17:02 | Crear | Villager (Male) |
| 17:22 | Construir | Castle |
| 17:26 | Crear | Villager (Male) |
| 17:30 | Construir | House |
| 17:48 | Crear | Villager (Male) |
| 18:05 | Crear | Villager (Male) |
| 18:18 | Construir | Farm |
| 18:21 | Crear | Villager (Male) |
| 18:53 | Construir | Lumber Camp |
| 18:57 | Crear | Chu Ko Nu |
| 18:58 | Crear | Chu Ko Nu |
| 18:59 | Crear | Villager (Male) |
| 19:20 | Crear | Chu Ko Nu |
| 19:28 | Construir | Siege Workshop |
| 19:37 | Crear | Villager (Male) |
| 19:38 | Crear | Villager (Male) |
| 19:39 | Crear | Chu Ko Nu |
| 19:51 | Crear | Chu Ko Nu |
| 20:03 | Crear | Villager (Male) |
| 20:05 | Crear | Chu Ko Nu |
| 20:23 | Crear | Villager (Male) |
| 20:29 | Construir | Mill |
| 20:30 | Construir | Farm |
| 20:30 | Construir | Farm |
| 20:30 | Construir | Farm |
| 20:31 | Construir | Farm |
| 20:31 | Construir | Farm |
| 20:31 | Construir | Farm |
| 20:43 | Crear | Villager (Male) |
| 20:57 | Crear | Chu Ko Nu |
| 20:58 | Crear | Chu Ko Nu |
| 21:00 | Crear | Iron Pagoda |
| 21:02 | Crear | Villager (Male) |
| 21:09 | Construir | Mining Camp |
| 21:18 | Crear | Chu Ko Nu |
| 21:18 | Crear | Chu Ko Nu |
| 21:45 | Crear | Villager (Male) |
| 21:48 | Crear | Chu Ko Nu |
| 21:55 | Crear | Villager (Male) |
| 21:55 | Crear | Villager (Male) |
| 22:10 | Investigar | Bodkin Arrow |
| 22:24 | Crear | Chu Ko Nu |
| 22:28 | Crear | Villager (Male) |
| 22:29 | Crear | Villager (Male) |
| 22:33 | Construir | House |
| 23:03 | Crear | Villager (Male) |
| 23:03 | Crear | Villager (Male) |
| 23:08 | Crear | Chu Ko Nu |
| 23:08 | Crear | Chu Ko Nu |
| 23:11 | Crear | Villager (Male) |
| 23:11 | Crear | Villager (Male) |
| 23:17 | Crear | Villager (Male) |
| 23:22 | Construir | Town Center |
| 23:48 | Crear | Villager (Male) |
| 24:14 | Crear | Chu Ko Nu |
| 24:14 | Crear | Chu Ko Nu |
| 24:15 | Crear | Villager (Male) |
| 24:16 | Crear | Villager (Male) |
| 24:16 | Crear | Villager (Male) |
| 24:39 | Construir | Castle |
| 24:52 | Construir | Castle |
| 24:58 | Construir | House |
| 25:02 | Construir | House |
| 25:06 | Construir | House |
| 25:10 | Construir | House |
| 25:12 | Crear | Villager (Male) |
| 25:13 | Crear | Villager (Male) |
| 25:18 | Crear | Villager (Male) |
| 25:25 | Crear | Chu Ko Nu |
| 25:25 | Crear | Chu Ko Nu |
| 25:26 | Crear | Chu Ko Nu |
| 25:28 | Crear | Villager (Male) |
| 25:40 | Construir | Farm |
| 25:40 | Construir | Farm |
| 25:40 | Construir | Farm |
| 25:40 | Construir | Farm |
| 25:41 | Construir | Farm |
| 25:50 | Crear | Iron Pagoda |
| 26:09 | Investigar | Padded Archer Armor |
| 26:12 | Crear | Chu Ko Nu |
| 26:12 | Crear | Chu Ko Nu |
| 26:13 | Crear | Villager (Male) |
| 26:14 | Crear | Villager (Male) |
| 26:35 | Crear | Villager (Male) |
| 26:55 | Crear | Villager (Male) |
| 26:55 | Crear | Villager (Male) |
| 27:12 | Crear | Chu Ko Nu |
| 27:12 | Crear | Chu Ko Nu |
| 27:12 | Crear | Chu Ko Nu |
| 27:13 | Crear | Chu Ko Nu |
| 27:15 | Crear | Villager (Male) |
Build order — WeGetHighWeGetFat
Primeras 150 de 233 acciones detectadas
| 0:00 | Crear | Villager (Male) |
| 0:01 | Crear | Villager (Male) |
| 0:02 | Crear | Villager (Male) |
| 0:03 | Construir | House |
| 0:06 | Construir | House |
| 0:31 | Crear | Villager (Male) |
| 1:36 | Crear | Villager (Male) |
| 2:34 | Construir | Lumber Camp |
| 2:48 | Crear | Villager (Male) |
| 2:48 | Crear | Villager (Male) |
| 3:48 | Crear | Villager (Male) |
| 3:49 | Crear | Villager (Male) |
| 3:49 | Crear | Villager (Male) |
| 3:55 | Crear | Villager (Male) |
| 3:55 | Crear | Villager (Male) |
| 3:55 | Crear | Villager (Male) |
| 4:27 | Construir | House |
| 5:05 | Construir | Mill |
| 5:15 | Crear | Villager (Male) |
| 5:16 | Crear | Villager (Male) |
| 6:22 | Crear | Villager (Male) |
| 6:59 | Crear | Villager (Male) |
| 7:00 | Crear | Villager (Male) |
| 8:15 | Construir | House |
| 8:20 | Crear | Villager (Male) |
| 8:20 | Crear | Villager (Male) |
| 8:20 | Crear | Villager (Male) |
| 8:20 | Crear | Villager (Male) |
| 8:53 | Construir | Mining Camp |
| 8:54 | Crear | Villager (Male) |
| 8:55 | Crear | Villager (Male) |
| 8:55 | Crear | Villager (Male) |
| 9:03 | Crear | Villager (Male) |
| 9:03 | Crear | Villager (Male) |
| 9:04 | Crear | Villager (Male) |
| 10:10 | Investigar | Loom |
| 10:10 | Investigar | Feudal Age |
| 10:53 | Crear | Villager (Male) |
| 11:12 | Construir | Farm |
| 11:18 | Construir | Farm |
| 11:23 | Construir | Farm |
| 11:32 | Construir | Farm |
| 11:39 | Construir | Farm |
| 11:47 | Construir | Farm |
| 12:10 | Edad | Edad Feudal |
| 12:38 | Crear | Villager (Male) |
| 12:38 | Crear | Villager (Male) |
| 12:38 | Crear | Villager (Male) |
| 12:39 | Crear | Villager (Male) |
| 12:44 | Construir | House |
| 12:53 | Construir | House |
| 13:32 | Construir | Mining Camp |
| 15:11 | Construir | Market |
| 15:49 | Construir | Blacksmith |
| 16:19 | Crear | Villager (Male) |
| 16:45 | Investigar | Castle Age |
| 17:32 | Crear | Villager (Male) |
| 17:32 | Crear | Villager (Male) |
| 18:21 | Edad | Edad de los Castillos |
| 18:33 | Construir | Castle |
| 19:08 | Crear | Villager (Male) |
| 19:09 | Crear | Villager (Male) |
| 19:09 | Crear | Villager (Male) |
| 19:09 | Crear | Villager (Male) |
| 19:30 | Construir | Farm |
| 19:35 | Construir | Farm |
| 19:44 | Construir | Farm |
| 19:51 | Construir | Town Center |
| 20:03 | Crear | Karambit Warrior |
| 20:03 | Crear | Karambit Warrior |
| 20:04 | Crear | Karambit Warrior |
| 20:04 | Crear | Karambit Warrior |
| 20:25 | Crear | Karambit Warrior |
| 20:26 | Crear | Karambit Warrior |
| 20:26 | Crear | Karambit Warrior |
| 20:47 | Crear | Petard |
| 21:06 | Construir | Mining Camp |
| 21:30 | Crear | Karambit Warrior |
| 21:30 | Crear | Karambit Warrior |
| 21:31 | Crear | Karambit Warrior |
| 21:31 | Crear | Karambit Warrior |
| 21:31 | Crear | Karambit Warrior |
| 22:17 | Crear | Karambit Warrior |
| 22:17 | Crear | Karambit Warrior |
| 22:17 | Crear | Karambit Warrior |
| 22:33 | Crear | Karambit Warrior |
| 22:33 | Crear | Karambit Warrior |
| 22:33 | Crear | Karambit Warrior |
| 22:34 | Crear | Karambit Warrior |
| 22:34 | Crear | Karambit Warrior |
| 22:34 | Crear | Karambit Warrior |
| 22:35 | Crear | Karambit Warrior |
| 22:44 | Crear | Petard |
| 23:13 | Crear | Karambit Warrior |
| 23:14 | Crear | Karambit Warrior |
| 23:15 | Crear | Karambit Warrior |
| 23:15 | Crear | Karambit Warrior |
| 23:15 | Crear | Karambit Warrior |
| 23:17 | Crear | Karambit Warrior |
| 23:17 | Crear | Karambit Warrior |
| 23:18 | Crear | Karambit Warrior |
| 23:18 | Crear | Karambit Warrior |
| 23:22 | Crear | Karambit Warrior |
| 23:22 | Crear | Karambit Warrior |
| 23:37 | Construir | Farm |
| 23:38 | Construir | Farm |
| 23:42 | Construir | Farm |
| 23:46 | Construir | Farm |
| 23:52 | Crear | Karambit Warrior |
| 23:52 | Crear | Karambit Warrior |
| 23:52 | Crear | Karambit Warrior |
| 24:24 | Crear | Petard |
| 24:25 | Crear | Petard |
| 25:03 | Crear | Karambit Warrior |
| 25:03 | Crear | Karambit Warrior |
| 25:04 | Crear | Karambit Warrior |
| 25:04 | Crear | Karambit Warrior |
| 25:04 | Crear | Karambit Warrior |
| 25:04 | Crear | Karambit Warrior |
| 25:05 | Crear | Karambit Warrior |
| 25:05 | Crear | Karambit Warrior |
| 25:16 | Crear | Karambit Warrior |
| 26:43 | Crear | Karambit Warrior |
| 26:43 | Crear | Karambit Warrior |
| 26:44 | Crear | Karambit Warrior |
| 26:44 | Crear | Karambit Warrior |
| 26:44 | Crear | Karambit Warrior |
| 26:44 | Crear | Karambit Warrior |
| 26:45 | Crear | Karambit Warrior |
| 26:51 | Crear | Karambit Warrior |
| 26:51 | Crear | Karambit Warrior |
| 26:51 | Crear | Karambit Warrior |
| 26:52 | Crear | Karambit Warrior |
| 26:52 | Crear | Karambit Warrior |
| 26:52 | Crear | Karambit Warrior |
| 27:24 | Construir | Siege Workshop |
| 27:30 | Construir | Siege Workshop |
| 28:06 | Crear | Karambit Warrior |
| 28:06 | Crear | Karambit Warrior |
| 28:06 | Crear | Karambit Warrior |
| 28:07 | Crear | Karambit Warrior |
| 28:07 | Crear | Karambit Warrior |
| 28:07 | Crear | Karambit Warrior |
| 28:08 | Crear | Karambit Warrior |
| 28:08 | Crear | Karambit Warrior |
| 28:08 | Crear | Karambit Warrior |
| 28:08 | Crear | Karambit Warrior |
| 28:09 | Crear | Karambit Warrior |
| 28:09 | Crear | Karambit Warrior |
| 28:14 | Crear | Karambit Warrior |
Build order — bingo123
Primeras 150 de 624 acciones detectadas
| 0:10 | Crear | Villager (Male) |
| 0:10 | Crear | Villager (Male) |
| 0:10 | Crear | Villager (Male) |
| 0:11 | Crear | Villager (Male) |
| 0:11 | Construir | House |
| 0:12 | Construir | House |
| 1:41 | Crear | Villager (Male) |
| 1:42 | Crear | Villager (Male) |
| 2:02 | Crear | Villager (Male) |
| 2:02 | Crear | Villager (Male) |
| 2:30 | Crear | Villager (Male) |
| 2:30 | Crear | Villager (Male) |
| 2:30 | Crear | Villager (Male) |
| 2:45 | Construir | Lumber Camp |
| 2:59 | Crear | Villager (Male) |
| 2:59 | Crear | Villager (Male) |
| 3:23 | Crear | Villager (Male) |
| 3:23 | Crear | Villager (Male) |
| 3:24 | Crear | Villager (Male) |
| 3:55 | Crear | Villager (Male) |
| 4:12 | Construir | House |
| 4:29 | Crear | Villager (Male) |
| 4:55 | Crear | Villager (Male) |
| 5:19 | Construir | Mill |
| 5:59 | Crear | Villager (Male) |
| 6:31 | Investigar | Feudal Age |
| 6:31 | Investigar | Feudal Age |
| 6:57 | Construir | House |
| 7:37 | Crear | Villager (Male) |
| 8:41 | Edad | Edad Feudal |
| 8:43 | Construir | Town Center |
| 8:48 | Crear | Villager (Male) |
| 8:53 | Construir | Mill |
| 8:58 | Investigar | Double-Bit Axe |
| 8:58 | Investigar | Double-Bit Axe |
| 9:15 | Crear | Villager (Male) |
| 9:19 | Investigar | Horse Collar |
| 9:19 | Investigar | Horse Collar |
| 9:19 | Investigar | Horse Collar |
| 9:44 | Crear | Villager (Male) |
| 9:51 | Construir | Farm |
| 10:15 | Construir | Farm |
| 10:24 | Investigar | Loom |
| 10:25 | Investigar | Loom |
| 10:25 | Investigar | Loom |
| 10:26 | Crear | Villager (Male) |
| 10:26 | Crear | Villager (Male) |
| 10:26 | Crear | Villager (Male) |
| 10:39 | Construir | Farm |
| 10:41 | Crear | Villager (Male) |
| 10:41 | Crear | Villager (Male) |
| 10:41 | Crear | Villager (Male) |
| 10:42 | Crear | Villager (Male) |
| 11:04 | Construir | Farm |
| 11:13 | Crear | Villager (Male) |
| 11:13 | Crear | Villager (Male) |
| 11:13 | Crear | Villager (Male) |
| 11:14 | Crear | Villager (Male) |
| 11:16 | Construir | Farm |
| 11:20 | Construir | Farm |
| 11:25 | Crear | Villager (Male) |
| 11:26 | Crear | Villager (Male) |
| 11:26 | Crear | Villager (Male) |
| 11:34 | Construir | Farm |
| 11:41 | Construir | House |
| 11:50 | Crear | Villager (Male) |
| 11:50 | Crear | Villager (Male) |
| 11:50 | Crear | Villager (Male) |
| 11:55 | Construir | Farm |
| 12:05 | Crear | Villager (Male) |
| 12:05 | Crear | Villager (Male) |
| 12:09 | Construir | House |
| 12:18 | Crear | Villager (Male) |
| 12:18 | Crear | Villager (Male) |
| 12:18 | Crear | Villager (Male) |
| 12:22 | Construir | Farm |
| 12:30 | Construir | Farm |
| 12:31 | Crear | Villager (Male) |
| 12:31 | Crear | Villager (Male) |
| 12:31 | Crear | Villager (Male) |
| 12:32 | Crear | Villager (Male) |
| 12:38 | Construir | Farm |
| 12:44 | Crear | Villager (Male) |
| 12:44 | Crear | Villager (Male) |
| 12:49 | Construir | House |
| 13:01 | Construir | Farm |
| 13:02 | Crear | Villager (Male) |
| 13:03 | Crear | Villager (Male) |
| 13:03 | Crear | Villager (Male) |
| 13:07 | Crear | Villager (Male) |
| 13:07 | Crear | Villager (Male) |
| 13:17 | Construir | Farm |
| 13:20 | Crear | Villager (Male) |
| 13:25 | Construir | House |
| 13:37 | Construir | Farm |
| 13:39 | Crear | Villager (Male) |
| 13:39 | Crear | Villager (Male) |
| 13:46 | Construir | Farm |
| 13:57 | Crear | Villager (Male) |
| 13:57 | Crear | Villager (Male) |
| 13:59 | Construir | House |
| 14:03 | Construir | Farm |
| 14:14 | Construir | Farm |
| 14:16 | Crear | Villager (Male) |
| 14:16 | Crear | Villager (Male) |
| 14:24 | Construir | House |
| 14:44 | Investigar | Wheelbarrow |
| 14:44 | Investigar | Wheelbarrow |
| 14:44 | Investigar | Wheelbarrow |
| 14:46 | Crear | Villager (Male) |
| 15:02 | Construir | Barracks |
| 15:09 | Crear | Villager (Male) |
| 15:25 | Crear | Villager (Male) |
| 15:25 | Crear | Villager (Male) |
| 15:32 | Construir | Blacksmith |
| 15:57 | Construir | Stable |
| 16:05 | Crear | Villager (Male) |
| 16:31 | Construir | Mining Camp |
| 16:39 | Crear | Villager (Male) |
| 16:52 | Construir | Stable |
| 16:54 | Investigar | Castle Age |
| 16:55 | Investigar | Castle Age |
| 16:55 | Investigar | Castle Age |
| 17:00 | Crear | Villager (Male) |
| 17:00 | Crear | Villager (Male) |
| 17:00 | Crear | Villager (Male) |
| 17:01 | Crear | Villager (Male) |
| 17:15 | Construir | Farm |
| 17:17 | Construir | Farm |
| 17:23 | Construir | Farm |
| 17:46 | Crear | Villager (Male) |
| 17:46 | Crear | Villager (Male) |
| 17:49 | Construir | Farm |
| 18:02 | Investigar | Bloodlines |
| 18:02 | Investigar | Bloodlines |
| 18:19 | Construir | Siege Workshop |
| 18:24 | Crear | Villager (Male) |
| 18:24 | Crear | Villager (Male) |
| 18:28 | Construir | House |
| 18:35 | Crear | Villager (Male) |
| 18:36 | Investigar | Gold Mining |
| 18:37 | Investigar | Gold Mining |
| 18:37 | Investigar | Gold Mining |
| 19:08 | Construir | Stable |
| 19:16 | Crear | Villager (Male) |
| 19:16 | Crear | Villager (Male) |
| 19:22 | Investigar | Scale Barding Armor |
| 19:22 | Investigar | Scale Barding Armor |
| 19:34 | Edad | Edad de los Castillos |
| 19:35 | Construir | House |
Cronología de la partida
| 8:41 | bingo123 · age_up feudal |
| 10:17 | WhoIsKingRaf · age_up feudal |
| 11:07 | javierjulio1995 · age_up feudal |
| 11:55 | donkeydude333 · age_up feudal |
| 12:10 | WeGetHighWeGetFat · age_up feudal |
| 12:28 | thezoookeepr · first_market_sell 100 wood |
| 14:09 | javierjulio1995 · first_building Barracks |
| 14:14 | thezoookeepr · first_building Stable |
| 14:23 | WhoIsKingRaf · age_up castle |
| 15:02 | bingo123 · first_building Barracks |
| 15:12 | javierjulio1995 · first_building Archery Range |
| 15:29 | donkeydude333 · age_up castle |
| 15:57 | bingo123 · first_building Stable |
| 16:30 | WeGetHighWeGetFat · first_market_buy 100 food |
| 16:33 | WeGetHighWeGetFat · first_market_sell 100 stone |
| 16:36 | hungdb · age_up feudal |
| 17:22 | donkeydude333 · first_building Castle |
| 17:46 | javierjulio1995 · first_building Stable |
| 18:19 | bingo123 · first_building Siege Workshop |
| 18:21 | WeGetHighWeGetFat · age_up castle |
| 18:33 | WeGetHighWeGetFat · first_building Castle |
| 18:52 | hungdb · first_building Barracks |
| 19:28 | donkeydude333 · first_building Siege Workshop |
| 19:34 | bingo123 · age_up castle |
| 19:54 | javierjulio1995 · age_up castle |
| 21:28 | thezoookeepr · first_market_buy 100 food |
| 22:09 | donkeydude333 · first_market_sell 100 wood |
| 22:35 | thezoookeepr · first_building Castle |
| 23:28 | donkeydude333 · first_market_buy 100 stone |
| 24:23 | hungdb · age_up castle |
| 24:49 | thezoookeepr · first_building Monastery |
| 24:51 | WhoIsKingRaf · first_building Castle |
| 25:28 | kewlkraut · first_building Barracks |
| 27:24 | WeGetHighWeGetFat · first_building Siege Workshop |
| 28:09 | WhoIsKingRaf · first_building Barracks |
| 29:25 | hungdb · first_building Castle |
| 29:35 | javierjulio1995 · first_market_sell 100 food |
| 30:54 | hungdb · first_building Stable |
| 31:49 | WhoIsKingRaf · age_up imperial |
| 32:15 | WhoIsKingRaf · first_building Stable |
| 32:24 | javierjulio1995 · first_building Castle |
| 32:54 | hungdb · first_building Monastery |
| 33:03 | javierjulio1995 · first_building Monastery |
| 34:20 | kewlkraut · first_building Monastery |
| 34:23 | thezoookeepr · first_building Siege Workshop |
| 35:03 | kewlkraut · first_building Castle |
| 38:05 | javierjulio1995 · age_up imperial |
| 38:19 | javierjulio1995 · wall_segment Stone Wall x1 |
| 38:27 | kewlkraut · first_building Archery Range |
| 38:53 | donkeydude333 · age_up imperial |
| 39:20 | donkeydude333 · first_building Barracks |
| 39:22 | WeGetHighWeGetFat · resign |
| 40:06 | donkeydude333 · first_building Archery Range |
| 40:11 | WhoIsKingRaf · first_building Archery Range |
| 40:33 | bingo123 · age_up imperial |
| 40:46 | javierjulio1995 · wall_segment Stone Wall x1 |
| 40:50 | bingo123 · first_building Castle |
| 41:42 | javierjulio1995 · wall_segment Stone Wall x1 |
| 42:25 | WhoIsKingRaf · first_building Monastery |
| 43:51 | bingo123 · first_building Monastery |
| 45:33 | hungdb · age_up imperial |
| 47:37 | javierjulio1995 · tribute_sent a jugador 1 |
| 47:37 | javierjulio1995 · tribute_sent a jugador 2 |
| 47:37 | javierjulio1995 · tribute_sent a jugador 3 |
| 47:37 | javierjulio1995 · tribute_sent a jugador 4 |
| 47:37 | javierjulio1995 · tribute_sent a jugador 5 |
| 47:37 | javierjulio1995 · tribute_sent a jugador 7 |
| 47:37 | javierjulio1995 · tribute_sent a jugador 8 |
[ ANÁLISIS IA · 1 CRÉDITO ]
¿Qué pasó realmente en esta partida?
Wolo.gg analiza cada decisión: build order, eco, micro, errores típicos por bracket. Análisis personalizado por WhatsApp o Discord en 30 segundos.
Guía civ
Lituanos
Perfil
Jugador #21685791